 Dungeon Crawl Stone Soup version bcrawl-1.14 (webtiles) character file.

Game seed: 17580602349534733110

319 MisterOstroum the Magician (level 6, -2/48 HPs)
             Began as an Oni Venom Mage on Sept 17, 2019.
             Slain by an orc
             ... wielding a +0 trident
              (8 damage)
             ... on level 4 of the Dungeon.
             The game lasted 00:21:08 (3734 turns).

MisterOstroum the Magician (Oni Venom Mage)         Turns: 3734, Time: 00:21:08

Health: -2/48      AC:  3    Str: 12    XL:     6   Next: 46%
Magic:  4/14       EV: 12    Int: 18    God:
Gold:   215        SH:  0    Dex: 11    Spells: 7/13 levels left

rFire    . . .     SeeInvis .   l - +1 dagger
rCold    . . .     Gourm    .   (no shield)
rNeg     . . .     Faith    .   a - +0 animal skin
rPois    .         Spirit   .   (helmet restricted)
rElec    .         Reflect  .   i - +0 cloak
rCorr    .         Harm     .   (no gloves)
MR       .....                  (no boots)
Stlth    ++........             (no amulet)
HPRegen  0.16/turn              (no ring)
MPRegen  0.14/turn              (no ring)

@: very slightly contaminated
A: oni magic, claws 1, fangs 1, horns 1
a: no special abilities


You were on level 4 of the Dungeon.
You were not hungry.

You visited 1 branch of the dungeon, and saw 4 of its levels.

You collected 215 gold pieces.

Inventory:

Hand Weapons
 l - a +1 dagger (weapon)
 q - a +0 glaive
Missiles
 b - 549 stones (quivered)
Armour
 a - a +0 animal skin (worn)
 i - a +0 cloak (worn)
Scrolls
 h - a scroll of fog {!r}
 m - a scroll of blinking {unknown}
 n - a scroll of enchant armour {unknown}
 o - 2 scrolls of teleportation
Potions
 c - 2 potions of berserk rage
 d - a potion of resistance {unknown}
 e - 2 potions of degeneration
 g - a potion of invisibility
 j - 2 potions of heal wounds
 r - 2 potions of brilliance {unknown}
Comestibles
 f - 4 rations {!d}


   Skills:
 - Level 2.0 Fighting
 - Level 2.0 Dodging
 - Level 1.7 Stealth
 * Level 4.2 Spellcasting


You had 7 spell levels left.
You knew the following spells:

 Your Spells              Type           Power        Failure   Level  Hunger
a - Sting                 Conj/Pois      ###.         2%          1    None
b - Freeze                Ice            ###...       1%          1    None
c - Summon Scorpions      Summ/Pois      ###.....     26%         4    ####...

Your spell library contained the following spells:

 Spells                   Type           Power        Failure   Level  Hunger
 Poisonous Vapours        Pois/Air       ###...       3%          2    ##.....
 Sublimation of Blood     Necr           ###.......   3%          2    ##.....
 Portal Projectile        Tloc           ###...       6%          3    ###....
 Ignite Poison            Fire/Tmut/Pois ###.....     9%          3    ###....
 Olgreb's Toxic Radiance  Pois           ###.....     19%         4    ####...
 Venom Bolt               Conj/Pois      ###.......   56%         5    ######.


Dungeon Overview and Level Annotations

Branches:
Dungeon (4/12)
 Temple: D:4-7

Altars:

Shops:
D:4 =

Annotations:
D:3 exclusion: ogre


Innate Abilities, Weirdness & Mutations

You learn spells by gaining experience, not through books or religion.
You only train spellcasting to practice magic.
You have sharp fingernails.
You have very sharp teeth.
You have a pair of small horns on your head.


Message History

Aim: a gnoll (moderately wounded, poisoned)
The sting hits the gnoll.
The gnoll looks even sicker.
The gnoll is severely wounded.
The gnoll throws a stone.
The stone closely misses you.
Casting: Sting (safe; 2% risk of failure)
Confirm with . or Enter, or press ? or * to list all spells.
Okay, then.
You kill the gnoll!
b - 549 stones (gained 105) Magic restored.
HP restored.
Partly explored, can't reach some places.
Some of the chunks of flesh in your inventory have rotted away.
There is a stone staircase leading down here.
You climb downwards.
There is a stone staircase leading up here.
You see here a quokka skeleton.
Some of the chunks of flesh in your inventory have rotted away.
An orc comes into view. It is wielding a +0 club.
An orc is nearby! 2 orcs and an orc priest come into view.
The orc shouts! x2
An orc comes into view. It is wielding a +0 trident.
Casting: Sting (safe; 2% risk of failure)
Confirm with . or Enter, or press ? or * to list all spells.
Aiming: Sting (safe; 2% risk of failure)
Press: ? - help, Shift-Dir - straight line, f - orc priest
Aim: an orc priest, wielding a +0 short sword The sting hits the orc.
The orc is poisoned.
The orc is lightly wounded.
Casting: Sting (safe; 2% risk of failure)
Confirm with . or Enter, or press ? or * to list all spells.
Aiming: Sting (safe; 2% risk of failure)
Press: ? - help, Shift-Dir - straight line, f/p - orc priest
Aim: an orc priest, wielding a +0 short sword The sting hits the orc.
The orc looks even sicker.
The orc is almost dead.
Casting: Sting (safe; 2% risk of failure)
Confirm with . or Enter, or press ? or * to list all spells.
Aiming: Sting (safe; 2% risk of failure)
Press: ? - help, Shift-Dir - straight line, f/p - orc priest
Aim: an orc priest, wielding a +0 short sword The sting hits the orc.
The orc is poisoned.
The orc is severely wounded.
You are feeling hungry.
You kill the orc! x2
You start resting.
Eating a chunk of flesh.
You eat the chunk of flesh.
This raw flesh tastes terrible.
The orc is too close now for your liking.
You hit the orc but do no damage. The orc closely misses you.
Casting: Sting (safe; 2% risk of failure)
Confirm with . or Enter, or press ? or * to list all spells.
Aiming: Sting (safe; 2% risk of failure)
Press: ? - help, Shift-Dir - straight line, f/p - orc priest
Aim: an orc priest, wielding a +0 short sword The sting hits the orc.
The orc appears unharmed.
The orc misses you.
Casting: Sting (safe; 2% risk of failure)
Confirm with . or Enter, or press ? or * to list all spells.
Aiming: Sting (safe; 2% risk of failure)
Press: ? - help, Shift-Dir - straight line, f/p - orc priest
Aim: an orc priest, wielding a +0 short sword The sting hits the orc.
The orc appears unharmed.
The orc hits you.
Casting: Sting (safe; 2% risk of failure)
Confirm with . or Enter, or press ? or * to list all spells.
Aiming: Freeze (safe; 1% risk of failure)
Press: ? - help, Shift-Dir - straight line, f/p - orc priest
Aim: an orc priest, wielding a +0 short sword You freeze the orc priest.
The orc priest is moderately wounded.
The orc hits you from afar with a +0 trident!
The orc closely misses you.
The orc priest mumbles some strange prayers to Beogh against you.
Beogh smites you!
Casting: Freeze (safe; 1% risk of failure)
Confirm with . or Enter, or press ? or * to list all spells.
Aiming: Sting (safe; 2% risk of failure)
Press: ? - help, Shift-Dir - straight line, f/p - orc priest
Aim: an orc priest, wielding a +0 short sword (moderately wounded)
The sting hits the orc.
The orc appears unharmed.
The orc hits you from afar with a +0 trident.
The orc hits you but does no damage.
The orc priest hits you but does no damage.
Casting: Sting (safe; 2% risk of failure)
Confirm with . or Enter, or press ? or * to list all spells.
Aiming: Freeze (safe; 1% risk of failure)
Press: ? - help, Shift-Dir - straight line, f/p - orc priest
Aim: an orc priest, wielding a +0 short sword (moderately wounded)
Okay, then.
Okay, then.
Unknown command.
Casting: Freeze (safe; 1% risk of failure)
Confirm with . or Enter, or press ? or * to list all spells.
You miscast Summon Scorpions.
You are very lightly contaminated with residual magic.
You feel mildly nauseous.
The orc priest calls down the wrath of Beogh upon you.
Beogh smites you!
* * * LOW HITPOINT WARNING * * *
The orc hits you from afar with a +0 trident!
You die...

#...................##
.....................#
#....................##
##...............>....#
###...................#
#..##.................#
..#####..............##
.## ###........oo#.#
..## ####....@o###o#
...# ####.### o.# ...#
### o.# ...# #..# ..##
#.# .## #. ##


You could see an orc priest and 2 orcs.

Vanquished Creatures
  A bullfrog (D:3)
  A howler monkey (D:4)
  2 hounds
  An orc wizard (D:3)
  4 gnolls
  2 adders (D:3)
  An ooze (D:4)
  A worm (D:2)
  2 dart slugs
  5 orcs
  4 bats
  2 giant cockroaches
  4 goblins
  5 hobgoblins (D:1)
  8 jackals
  A kobold (D:1)
  2 quokkas
  A ball python (D:3)
  5 frilled lizards
  A leopard gecko skeleton (D:4)
  5 rats
58 creatures vanquished.

Notes
Turn   | Place    | Note
-------+----------+-------------------------------------------
     0 | D:1      | MisterOstroum the Oni Venom Mage began the quest for the
                  | Orb.
     0 | D:1      | Reached XP level 1. HP: 14/14 MP: 4/4
   247 | D:1      | Reached skill level 1 in Fighting
   448 | D:1      | Reached XP level 2. HP: 23/23 MP: 4/6
   451 | D:1      | Learned a level 1 spell: Freeze
   839 | D:1      | Reached skill level 2 in Spellcasting
  1269 | D:2      | Reached XP level 3. HP: 28/28 MP: 8/8
  2264 | D:3      | Reached XP level 4. HP: 35/36 MP: 4/9
  2573 | D:3      | Reached skill level 3 in Spellcasting
  2573 | D:3      | Reached XP level 5. HP: 22/41 MP: 1/11
  3112 | D:3      | Noticed a bullfrog
  3119 | D:3      | Killed a bullfrog
  3119 | D:3      | Reached XP level 6. HP: 29/48 MP: 6/13
  3388 | D:4      | Found Zuid's Jewellery Shoppe.
  3405 | D:4      | Reached skill level 4 in Spellcasting
  3414 | D:4      | Learned a level 4 spell: Summon Scorpions
  3734 | D:4      | Slain by an orc

Skill      XL: |  1  2  3  4  5  6 |
---------------+-------------------+-----
Fighting       | 1 2 |  2.0
Spellcasting   | 2 3 4 |  4.2
Dodging        | 2 |  2.0
Stealth        | |  1.7

Action                   |  1- 3 |  4- 6 || total
-------------------------+-------+-------++-------
Melee: Club              |    17 |       ||    17
       Bite              |     8 |     5 ||    13
       Unarmed           |    12 |       ||    12
       Headbutt          |     9 |     1 ||    10
       Dagger            |    34 |    30 ||    64
Throw: Stone             |     1 |     3 ||     4
 Cast: Sting             |    31 |    37 ||    68
       Freeze            |    16 |    26 ||    42
  Use: Scroll            |     3 |     3 ||     6
 Stab: Sleeping          |     2 |       ||     2
  Eat: Chunk             |     5 |     5 ||    10
Armor: Animal skin       |    21 |     6 ||    27
Dodge: Dodged            |    70 |    32 ||   102
